Unix NetHack Version 5.0.0-0 post-release - last build May 31 2026 23:59:36 (970b52f25bf058293b47ddfd14a1e40e571c508c,branch:main).

Game began 2026-06-04 07:17:16, ended 2026-06-04 07:24:06.

FutureTim, lawful female human Valkyrie

                                      --------
                                      |..{...|    ------
                                      |......|####.....|
                                      |..<....####|....|
                                      |......|## #|..{.|#
                                      |.......    |.....#
                                      -+------    |....|#
                                                  |....|###
                                                  ------  ##### ##
                                                          #######----.-------
                                                           #    #-%.........|
                                                                 |.........>|
                                                                 |..........|
                                                                 |@.........|
                                                                 .%([.......|
                                                                 ------------

FutureTim the Skirmisher    St:17 Dx:15 Co:17 In:9 Wi:10 Ch:8  Lawful
Dlvl:3  $:161 HP:15(34) Pw:6(6) AC:6  Xp:3 T:798  Lev

Latest messages:
 The giant rat bites!
 You kill the giant rat!
 You kill the green mold!
 You are splashed by the green mold's acid!
 The sewer rat misses!
 The kitten bites the sewer rat.
 The sewer rat is killed!
 You miss the gas spore.
 The grid bug misses!
 You miss the gas spore.
 The grid bug bites!
 You get zapped!
 The sewer rat bites!
 You kill the gas spore!
 Boom!
 The sewer rat is caught in the gas spore's explosion!
 You kill the sewer rat!
 The grid bug is caught in the gas spore's explosion!
 You kill the grid bug!
 The kitten is caught in the gas spore's explosion!
 You kill the poor kitten!
 Welcome to experience level 3.
 You feel stealthy!
 You hear the rumble of distant thunder...
 You are caught in the gas spore's explosion!
 You kill the giant rat!
 You hear a gurgling noise.
 You kill the brown mold!
 The grid bug bites!
 You get zapped!
 You kill the grid bug!
 You see here a brown mold corpse.
 There is a brown mold corpse here; eat it? [ynq] (n) y
 This brown mold corpse tastes okay.
 You stop eating the brown mold corpse.
 You kill the newt!
 You see here a partly eaten brown mold corpse.
 You swap places with the peaceful hobbit.
 You see here a partly eaten brown mold corpse.
 There is a partly eaten brown mold corpse here; eat it? [ynq] (n) y
 You resume your meal.
 You finish eating the brown mold corpse.
 You see here an empty broken large box.
 You see here a pair of riding boots.
 o - a pair of riding boots.
 What do you want to wear? [o or ?*] o
 You finish your dressing maneuver.
 You start to float in the air!
 Really quit without saving? [yn] (n) y
 Do you want your possessions identified? [ynq] (y) q

Inventory:
 Coins    ('$')
  $ - 161 gold pieces
 Weapons  (')')
  b - a +0 dagger (alternate weapon; not wielded)
  a - a +2 spear (weapon in right hand)
 Armor    ('[')
  h - a cursed -1 dwarvish iron helm (being worn)
  o - a cursed -1 pair of levitation boots (being worn)
  c - an uncursed burnt +3 small shield (being worn)
 Comestibles  ('%')
  d - an uncursed food ration
 Spellbooks  ('+')
  g - an uncursed spellbook of confuse monster
 Wands    ('/')
  n - a wand of digging (0:6)
  k - a wand of light (0:15)
 Tools    ('(')
  i - a cursed tin whistle

FutureTim the Valkyrie's attributes:

Background:
 You were a Skirmisher, a level 3 human Valkyrie.
 You were lawful, on a mission for Tyr
 who was opposed by Odin (neutral) and Loki (chaotic).
 You were right-handed.
 You were in the Dungeons of Doom, on level 3.
 You entered the dungeon 798 turns ago.
 You had 61 experience points, 19 more were needed to attain level 4.

Basics:
 You had 15 out of 34 hit points.
 You had all 6 energy points (spell power).
 Your armor class was 6.
 Your wallet contained 161 zorkmids.
 Autopickup was off.

Final Characteristics:
 Your strength was 17 (limit:18/100).
 Your dexterity was 15 (limit:18).
 Your constitution was 17 (limit:18).
 Your intelligence was 9 (limit:18).
 Your wisdom was 10 (limit:18).
 Your charisma was 8 (limit:18).

Final Status:
 You were levitating.
 You weren't hungry.
 You were unencumbered.
 You were wielding a spear.
 You had basic skill with spear.

Final Attributes:
 You were fervently aligned.
 You were cold resistant.
 You were stealthy.
 You were unlucky.
 You survived.

Miscellaneous:
 You didn't encounter any bones levels.
 Total elapsed playing time was 6 minutes and 49 seconds.

Major events:
 Turn
    1: FutureTim the lawful human Valkyrie entered the dungeon
  773: attained the rank of Skirmisher (level 3)
  798: quit

You didn't know any spells.

Skills:
 Fighting Skills
   bare handed combat [Unskilled]
   two weapon combat  [Unskilled]
   riding             [Unskilled]
 Weapon Skills
   dagger             [Basic]
   axe                [Unskilled]
   pick-axe           [Unskilled]
   short sword        [Unskilled]
   broadsword         [Unskilled]
   long sword         [Unskilled]
   two-handed sword   [Unskilled]
   saber              [Unskilled]
   hammer             [Unskilled]
   quarterstaff       [Unskilled]
   polearms           [Unskilled]
   spear              [Basic]
   trident            [Unskilled]
   lance              [Unskilled]
   sling              [Unskilled]
 Spellcasting Skills
   attack spells      [Unskilled]
   escape spells      [Unskilled]

Voluntary challenges:
 Character rerolling was not enabled.
 You followed a strict vegan diet.
 You never genocided any monsters.
 You never polymorphed an object.
 You never changed form.
 You used no wishes.
Achievement:
 You attained the rank of Skirmisher.

 The Dungeons of Doom: levels 1 to 3
    Level 1:
       Some fountains, a grave.
    Level 2:
    Level 3: <- You were here.
       A fountain, a sink.


Vanquished creatures:
  a kitten
  a gas spore
  a hobbit
  2 giant rats
  a brown mold
  a green mold
  a jackal
  a kobold
  a goblin
  2 sewer rats
  3 grid bugs
  4 lichens
  4 kobold zombies
  4 newts
27 creatures vanquished.

No species were genocided or became extinct.

Farvel FutureTim the Valkyrie...

You quit in The Dungeons of Doom on dungeon level 3 with 545 points,
and 161 pieces of gold, after 798 moves.
You were level 3 with a maximum of 34 hit points when you quit.

